 Dungeon Crawl Stone Soup version 0.30-a0-170-g85af917532 (webtiles) character file.

Game seed: 14693828628736265944

109990 sanka the Blocker (level 16, -10/130 HPs)
             Began as a Gnoll Cinder Acolyte on Sept 29, 2022.
             Was an Initiate of Ashenzari.
             Mangled by a harpy simulacrum (12 damage)
             ... summoned by an orange crystal statue
             ... in an ice cave on Sept 30, 2022.
             The game lasted 01:16:33 (32064 turns).

sanka the Blocker (Gnoll Cinder Acolyte)           Turns: 32064, Time: 01:16:34

Health: -10/130    AC: 19    Str: 17      XL:     16   Next: 53%
Magic:  0/31       EV: 16    Int: 11 (14) God:    Ashenzari [......]
Gold:   326        SH: 16    Dex: 15      Spells: 25/38 levels left

rFire   . . .      SeeInvis .    a - +9 broad axe (flame)
rCold   . . .      Faith    .    O - +3 kite shield of the Griffon {+Blink rN+ Regen+ Slay+3}
rNeg    + . .      Spirit   +    T - +1 troll leather armour
rPois   .          Reflect  .    v - +2 hat
rElec   +          Harm     .    k - +2 cloak
rCorr   .          Rampage  .    d - +0 pair of gloves of Ashenzari's Polytheism {Fly rElec Dex+3, Evo, Elem} (curse)
Will    +....                    U - +0 pair of boots
Stlth   +++++.....               u - amulet of guardian spirit
HPRegen 1.91/turn                M - +4 ring of slaying
MPRegen 0.22/turn                G - +4 ring of protection

@: flying, studying Shields, fire susceptible
A: fangs 1, strong nose, distributed training
a: Renounce Religion, Evoke Blink, Shatter the Chains


You were in an ice cave.
You worshipped Ashenzari.
Ashenzari was noncommittal.
You visited 3 branches of the dungeon, and saw 22 of its levels.
You also visited: Gauntlet and Ice Cave.

You collected 2612 gold pieces.
You spent 2286 gold pieces at shops.


Innate Abilities, Weirdness & Mutations

You have very sharp teeth.
Your uncanny sense of smell can sniff out nearby items.
Your experience applies equally to all skills.


   Skills:
 + Level 13.0 Fighting
 + Level 11.3 Short Blades
 + Level 11.3 Long Blades
 + Level 11.3 Axes
 + Level 11.3 Maces & Flails
 + Level 11.3 Polearms
 + Level 11.3 Staves
 + Level 11.3 Ranged Weapons
 + Level 11.3 Throwing
 + Level 11.3 Armour
 + Level 11.3 Dodging
 + Level 11.3 Stealth
 + Level 13.7 Shields
 + Level 13.0 Unarmed Combat
 + Level 11.7 Spellcasting
 + Level 9.6 Conjurations
 + Level 9.6 Hexes
 + Level 9.6 Summonings
 + Level 9.6 Necromancy
 + Level 9.6 Translocations
 + Level 9.6 Transmutations
 + Level 11.0(11.4) Fire Magic
 + Level 9.6(10.0) Ice Magic
 + Level 9.6(10.0) Air Magic
 + Level 9.6(10.0) Earth Magic
 + Level 9.6 Poison Magic
 + Level 12.3 Invocations
 + Level 11.3(11.7) Evocations


You had 25 spell levels left.
You knew the following spells:

 Your Spells              Type           Power      Damage    Failure   Level
s - Swiftness             Air            28%        N/A       1%          3
u - Kindle Blastsparks    Fire/Tloc/Air  58%        2d14      1%          3
y - Scorch                Fire           62%        2d8       1%          2
X - Freezing Cloud        Conj/Ice/Air   14%        6-21      11%         5

Your spell library contained the following spells:

 Spells                   Type           Power      Damage    Failure   Level
 Apportation              Tloc           54%        N/A       1%          1
 Magic Dart               Conj           100%       1d8       1%          1
 Necrotise                Necr           100%       1d9       1%          1
 Shock                    Conj/Air       100%       1d9       1%          1
 Summon Small Mammal      Summ           100%       N/A       1%          1
 Blink                    Tloc           54%        N/A       1%          2
 Momentum Strike          Conj/Tloc      54%        3d9       1%          2
 Poisonous Vapours        Pois/Air       56%        N/A       1%          2
 Call Canine Familiar     Summ           27%        N/A       1%          3
 Dazzling Flash           Conj/Hex       54%        N/A       1%          3
 Gell's Gravitas          Tloc           27%        N/A       1%          3
 Ignite Poison            Fire/Tmut/Pois 28%        N/A       1%          3
 Lesser Beckoning         Tloc           27%        N/A       1%          3
 Mephitic Cloud           Conj/Pois/Air  27%        N/A       1%          3
 Ozocubu's Armour         Ice            28%        N/A       1%          3
 Portal Projectile        Hex/Tloc       54%        N/A       1%          3
 Summon Guardian Golem    Hex/Summ       27%        N/A       1%          3
 Teleport Other           Tloc           27%        N/A       1%          3
 Vampiric Draining        Necr           27%        2d7       1%          3
 Airstrike                Air            14%        2d(2-18)  3%          4
 Flame Wave               Conj/Fire      29%        2d9       3%          4
 Animate Dead             Necr           27%        N/A       4%          4
 Iskenderun's Mystic Bla  Conj/Tloc      27%        2d7       4%          4
 Leda's Liquefaction      Hex/Erth       14%        N/A       4%          4
 Olgreb's Toxic Radiance  Pois           27%        N/A       4%          4
 Summon Ice Beast         Ice/Summ       28%        N/A       4%          4
 Summon Lightning Spire   Summ/Air       28%        N/A       4%          4
 Fireball                 Conj/Fire      14%        3d8       9%          5
 Borgnjor's Vile Clutch   Necr/Erth      14%        N/A       11%         5
 Metabolic Englaciation   Hex/Ice        14%        N/A       11%         5
 Silence                  Hex/Air        14%        N/A       11%         5
 Agony                    Necr           27%        N/A       12%         5
 Alistair's Intoxication  Tmut/Pois      18%        N/A       12%         5
 Summon Forest            Summ/Tloc      13%        N/A       12%         5
 Conjure Ball Lightning   Conj/Air       14%        3x3d6     52%         6
 Iron Shot                Conj/Erth      14%        9d4       52%         6
 Simulacrum               Ice/Necr       14%        N/A       52%         6
 Death Channel            Necr           13%        N/A       56%         6
 Spellforged Servitor     Conj/Summ      13%        N/A       98%         7
 Disjunction              Tloc           13%        N/A       100%        8
 Dragon's Call            Summ           13%        N/A       100%        9
 Shatter                  Erth           14%        3d14*     100%        9

Inventory:

Hand Weapons
 a - a +9 broad axe of flaming (weapon)
Missiles
 i - 15 javelins
 V - a throwing net {=f}
Armour
 d - the cursed +0 pair of gloves of Ashenzari's Polytheism (worn) {Fly rElec Dex+3, Evo, Elem}

   Dex:       It affects your dexterity (+3).
   rElec:     It insulates you from electricity.
   Fly:       It grants you flight.
   It has a curse which improves the following skills: Evocations: Evocations.
   Elements:  Fire Magic, Ice Magic, Air Magic and Earth Magic.
 k - a +2 cloak (worn)
 v - a +2 hat (worn)
 O - the +3 kite shield of the Griffon (worn) {+Blink rN+ Regen+ Slay+3}

   Slay:      It affects your accuracy & damage with ranged weapons and melee
   (+3).
   rN:        It protects you from negative energy.
   +Blink:    It lets you blink.
   Regen:     It increases your rate of health regeneration.
 T - a +1 troll leather armour (worn)
 U - a +0 pair of boots (worn)
Jewellery
 b - a ring of wizardry
 g - a ring of fire
 m - a ring of resist corrosion
 u - an amulet of guardian spirit (around neck)
 G - a +4 ring of protection (right hand)
 H - a ring of see invisible
 I - a ring of flight
 M - a +4 ring of slaying (left hand)
 W - a ring of protection from cold
Wands
 w - a wand of polymorph (6)
 y - a wand of acid (12)
 A - a wand of digging (3)
 J - a wand of iceblast (13)
 K - a wand of mindburst (3)
 R - a wand of paralysis (3)
Scrolls
 f - a scroll of enchant armour
 h - 6 scrolls of teleportation {@r4}
 n - 9 scrolls of blinking
 p - 6 scrolls of immolation {!r}
 r - a scroll of magic mapping
 x - 3 scrolls of fog
 C - a scroll of summoning
 E - 2 scrolls of vulnerability {!r}
 F - 7 scrolls of fear
 N - 2 scrolls of poison {!r}
 P - a scroll of silence {!r}
Potions
 c - 3 potions of mutation {!q}
 e - 6 potions of lignification {!q}
 l - 7 potions of brilliance
 o - 4 potions of curing {@q1}
 s - 4 potions of attraction {!q}
 z - 4 potions of heal wounds {@q2}
 B - 4 potions of haste {@q3}
 S - 5 potions of ambrosia
Miscellaneous
 X - a condenser vane

Dungeon Overview and Level Annotations

Branches:
Dungeon (15/15)            Temple (0/1) D:7            Lair (5/5) D:9
 Shoals (0/4) Lair:3        Snake (0/4) Lair:3        Slime (0/5) Lair:5
    Orc (2/2) D:9             Elf (0/3) Orc:2        Vaults (0/5) D:13
  IceCv (1/1)             Gauntlet (visited)
 Depths: D:15

Altars:
Ashenzari
Dithmenos
Fedhas
Hepliaklqana
Nemelex Xobeh
Ru
Sif Muna
Trog
Uskayaw
Vehumet
Yredelemnul
The Shining One
Jiyva

Shops:
D:4 ((:   D:11 [   D:12 *   D:13 (   Orc:1 (   Orc:2 [(=!

Portals:
Trove: D:12 (give +5 ice dragon scales)

Annotations:
Lair:4 1 runed translucent door, Muleplesh's ghost, journeyman FeTm IceCv exclusion: orange crystal statue

▒▒...▒▒
▒▒.....▒▒
▒.......▒
▒.......▒
▒.......▒
▒.......▒
▒}.....)▒
▒▒▒▒.▒▒▒▒
▒...g...▒
▒...ZZ..▒
▒.......▒
▒.......▒
▒.......▒
▒▒.....▒▒
▒▒...▒▒
▒▒8▒▒


WZ You could see an orange crystal statue, a harpy simulacrum (summoned) and a
caustic shrike simulacrum (summoned).


Message History

You block the harpy simulacrum's attack.
The caustic shrike simulacrum claws you but does no damage.
The harpy simulacrum claws you but does no damage.
The harpy simulacrum claws you but does no damage.
You block the caustic shrike simulacrum's attack.
The harpy simulacrum barely misses you.
The harpy simulacrum claws you but does no damage.
You block the harpy simulacrum's attack.
You block the harpy simulacrum's attack.
You block the caustic shrike simulacrum's attack.
The harpy simulacrum closely misses you.
You block the harpy simulacrum's attack.
The harpy simulacrum claws you but does no damage.
You block the harpy simulacrum's attack.
The caustic shrike simulacrum claws you!
* * * LOW HITPOINT WARNING * * *
The caustic shrike simulacrum freezes you!!
* * * LOW HITPOINT WARNING * * *
The caustic shrike simulacrum attacks as you move away!
The caustic shrike simulacrum closely misses you.
The harpy simulacrum barely misses you.
You block the harpy simulacrum's attack.
The caustic shrike simulacrum claws you!!
* * * LOW HITPOINT WARNING * * *
The caustic shrike simulacrum freezes you!!
* * * LOW HITPOINT WARNING * * *
The harpy simulacrum claws you!
* * * LOW HITPOINT WARNING * * *
The harpy simulacrum freezes you!
You die...

Action                   |  1- 3 |  4- 6 |  7- 9 | 10-12 | 13-15 | 16-18 || total
-------------------------+-------+-------+-------+-------+-------+-------++-------
Melee: Unarmed           |    86 |    86 |    44 |    28 |       |       ||   244
       Bite              |    10 |     5 |     4 |    11 |   127 |    31 ||   188
       Punch             |       |     2 |     3 |     5 |    11 |       ||    21
       Broad axe         |       |       |       |    60 |   858 |   248 ||  1166
 Cast: Scorch            |     9 |    30 |   110 |   104 |    32 |       ||   285
       Kindle Blastspark |       |       |    46 |    62 |     3 |    11 ||   122
       Freezing Cloud    |       |       |       |    36 |    23 |     2 ||    61
Invok: Fiery Armour      |       |       |     2 |     2 |     7 |       ||    11
       Curse Item        |       |       |       |       |       |     1 ||     1
Evoke: Wand              |       |       |     4 |     7 |    10 |     2 ||    23
  Use: Scroll            |       |       |       |    15 |     9 |     1 ||    25
       Potion            |       |       |       |       |     3 |       ||     3
 Stab: Sleeping          |     1 |       |     2 |     1 |    22 |     5 ||    31
       Paralysed         |       |       |       |       |     3 |       ||     3
       Distracted        |       |       |       |       |     1 |       ||     1
Armor: Robe              |    22 |    16 |    24 |    11 |       |       ||    73
       Steam dragon scal |       |       |       |    36 |       |       ||    36
       Troll leather arm |       |       |       |       |   360 |   120 ||   480
       Skin              |       |       |       |       |     4 |       ||     4
Dodge: Dodged            |    49 |    74 |   137 |   174 |   647 |   166 ||  1247
Block: Buckler           |       |       |       |       |    57 |       ||    57
       Kite shield       |       |       |       |       |   460 |   275 ||   735

Levels and vault maps discovered:
D:1:      lightli_arrival_noodles, layout_loops_corners, hex_tiny
D:2:      layout_basic, hellmonk_ecumenical_altar_lost_god
D:3:      layout_loops_corners
D:4:      layout_basic, lemuel_doored_altar, kennysheep_path_1,
          nicolae_wooded_promenade
D:5:      layout_rooms, trog_three_pillars_becter, kennysheep_mini,
          dreamdust_wishing_well
D:6:      layout_rooms, uniq_menkaure, uniq_blork_the_orc
D:7:      layout_cave_pools, mainiacjoe_overflow_cross_hatched,
          minmay_temple_entry_mini_moons
D:8:      layout_layer_cave, nicolae_uskayaw_en_pointe,
          mainiacjoe_overflow_chevrons, uniq_grum
D:9:      wad_pebble_path, layout_loops_ring, grunt_dithmenos_smoke_and_mirrors,
          orc_0_dummy, minivault_14
D:10:     layout_loops_cross, nicolae_hepliaklqana_ecumenical_no_more,
          nicolae_overflow_crystal_walls, nicolae_vehumet_radiance, st_stairs_9,
          bh_hangedman_babel_library
D:11:     evilmike_library_of_no_secrets, layout_loops_cross, serial_shops,
          shop_fountains, uniq_nergalle, uniq_urug
D:12:     layout_roguey [special_room_bee], nicolae_trove_entry_columns,
          serial_shops, shop_statue
D:13:     layout_rooms, erik_vaults_2, serial_shops, kennysheep_little_box
D:14:     wander_river, layout_cave_pods, elyvilon_altar_5,
          portal_ice_cave_entry_frozen_things, uniq_kirke, uniq_roxanne,
          uniq_louise
D:15:     gammafunk_depths_entry_grave, layout_basic, grunt_decor_mini_mirrors
Lair:1:   gammafunk_indiana_jones, layout_chaotic_city, gauntlet_entry_generic,
          infiniplex_staircase_pool, grunt_megastairs_2, lemuel_fruit_tree
Lair:2:   mu_elephants_graveyard, layout_loops_ring, basic_altar, st_stairs_7
Lair:3:   layout_roguey, minmay_shoals_entry_hut, guppyfry_snake_entry_island,
          hangedman_lair_generics_rect, infiniplex_staircase_pool_2,
          grunt_megastairs_3
Lair:4:   layout_gridlike, hellmonk_ghost_happy_afterlife,
          cheibrodos_lair_lostbears, serial_bayou_shore_a
Lair:5:   cheibrodos_lair_end_hotspot, layout_regular_city, slime_entry_1,
          ice2_lemuel, serial_bayou_shore_b, uniq_snorg
Orc:1:    layout_caves, serial_shops, shop
Orc:2:    grunt_orc_community_town_hall, layout_caves,
          grunt_orc_community_big_house_1, grunt_orc_community_big_house_2,
          grunt_orc_community_house_1, grunt_orc_community_house_3,
          grunt_orc_community_house_1, grunt_orc_community_house_2,
          grunt_orc_community_house_2, grunt_orc_community_house_3,
          kennysheep_orc_chapel, uniq_saint_roka
IceCv:    ice_cave_statue_garden_chambered

Notes
Turn   | Place    | Note
-------+----------+-------------------------------------------
     0 | D:1      | sanka the Gnoll Cinder Acolyte began the quest for the Orb.
     0 | D:1      | Reached XP level 1. HP: 23/23 MP: 4/4
   383 | D:1      | Reached XP level 2. HP: 29/29 MP: 5/5
   386 | D:1      | Learned a level 2 spell: Scorch
   847 | D:1      | Reached XP level 3. HP: 35/35 MP: 7/7
  1346 | D:2      | Reached skill level 1 in Invocations
  1486 | D:2      | Found a faded altar of an unknown god.
  1605 | D:3      | Reached skill level 1 in Short Blades
  1605 | D:3      | Reached skill level 1 in Long Blades
  1605 | D:3      | Reached skill level 1 in Axes
  1605 | D:3      | Reached skill level 1 in Maces & Flails
  1605 | D:3      | Reached skill level 1 in Polearms
  1605 | D:3      | Reached skill level 1 in Staves
  1605 | D:3      | Reached skill level 1 in Ranged Weapons
  1605 | D:3      | Reached skill level 1 in Throwing
  1605 | D:3      | Reached skill level 1 in Armour
  1605 | D:3      | Reached skill level 1 in Dodging
  1605 | D:3      | Reached skill level 1 in Stealth
  1605 | D:3      | Reached skill level 1 in Shields
  1605 | D:3      | Reached skill level 1 in Evocations
  1842 | D:2      | Reached XP level 4. HP: 41/41 MP: 3/8
  2046 | D:2      | Reached skill level 3 in Spellcasting
  3164 | D:4      | Reached skill level 1 in Conjurations
  3164 | D:4      | Reached skill level 1 in Hexes
  3164 | D:4      | Reached skill level 1 in Summonings
  3164 | D:4      | Reached skill level 1 in Necromancy
  3164 | D:4      | Reached skill level 1 in Translocations
  3164 | D:4      | Reached skill level 1 in Transmutations
  3164 | D:4      | Reached skill level 1 in Ice Magic
  3164 | D:4      | Reached skill level 1 in Air Magic
  3164 | D:4      | Reached skill level 1 in Earth Magic
  3164 | D:4      | Reached skill level 1 in Poison Magic
  3208 | D:4      | Reached XP level 5. HP: 38/47 MP: 3/9
  3781 | D:4      | Found a broken altar of Ashenzari.
  4038 | D:4      | Found Urarasty's Antique Weapon Emporium.
  4038 | D:4      | Found Qosie's Antique Weapon Shoppe.
  4039 | D:4      | Found Ihicw's Book Emporium.
  4047 | D:4      | Noticed a water moccasin
  4054 | D:4      | Killed a water moccasin
  4055 | D:4      | Reached skill level 2 in Short Blades
  4055 | D:4      | Reached skill level 2 in Long Blades
  4055 | D:4      | Reached skill level 2 in Axes
  4055 | D:4      | Reached skill level 2 in Maces & Flails
  4055 | D:4      | Reached skill level 2 in Polearms
  4055 | D:4      | Reached skill level 2 in Staves
  4055 | D:4      | Reached skill level 2 in Ranged Weapons
  4055 | D:4      | Reached skill level 2 in Throwing
  4055 | D:4      | Reached skill level 2 in Armour
  4055 | D:4      | Reached skill level 2 in Dodging
  4055 | D:4      | Reached skill level 2 in Stealth
  4055 | D:4      | Reached skill level 2 in Shields
  4055 | D:4      | Reached skill level 2 in Invocations
  4055 | D:4      | Reached skill level 2 in Evocations
  4055 | D:4      | Reached XP level 6. HP: 53/53 MP: 1/11
  4249 | D:4      | Noticed a black bear
  4272 | D:4      | Killed a black bear
  4652 | D:5      | Entered Level 5 of the Dungeon
  4684 | D:5      | Reached skill level 7 in Fighting
  4684 | D:5      | Reached skill level 7 in Unarmed Combat
  4684 | D:5      | Reached XP level 7. HP: 44/60 MP: 5/12
  4824 | D:5      | Reached skill level 2 in Conjurations
  4824 | D:5      | Reached skill level 2 in Hexes
  4824 | D:5      | Reached skill level 2 in Summonings
  4824 | D:5      | Reached skill level 2 in Necromancy
  4824 | D:5      | Reached skill level 2 in Translocations
  4824 | D:5      | Reached skill level 2 in Transmutations
  4824 | D:5      | Reached skill level 2 in Ice Magic
  4824 | D:5      | Reached skill level 2 in Air Magic
  4824 | D:5      | Reached skill level 2 in Earth Magic
  4824 | D:5      | Reached skill level 2 in Poison Magic
  4994 | D:5      | Reached skill level 3 in Invocations
  5118 | D:5      | Found a bloodstained altar of Trog.
  5139 | D:5      | Reached skill level 4 in Spellcasting
  5566 | D:5      | Reached skill level 6 in Fire Magic
  5668 | D:5      | Reached skill level 3 in Short Blades
  5668 | D:5      | Reached skill level 3 in Long Blades
  5668 | D:5      | Reached skill level 3 in Axes
  5668 | D:5      | Reached skill level 3 in Maces & Flails
  5668 | D:5      | Reached skill level 3 in Polearms
  5668 | D:5      | Reached skill level 3 in Staves
  5668 | D:5      | Reached skill level 3 in Ranged Weapons
  5668 | D:5      | Reached skill level 3 in Throwing
  5668 | D:5      | Reached skill level 3 in Armour
  5668 | D:5      | Reached skill level 3 in Dodging
  5668 | D:5      | Reached skill level 3 in Stealth
  5668 | D:5      | Reached skill level 3 in Shields
  5668 | D:5      | Reached skill level 3 in Evocations
  5668 | D:5      | Reached XP level 8. HP: 67/67 MP: 7/14
  5729 | D:4      | Bought a Trismegistus Codex for 360 gold pieces
  5733 | D:4      | Learned a level 3 spell: Kindle Blastsparks
  5774 | D:5      | Found a sacrificial altar of Ru.
  5889 | D:6      | Noticed Blork the orc
  5898 | D:6      | Killed Blork the orc
  7007 | D:6      | Noticed Menkaure
  7013 | D:6      | Killed Menkaure
  7014 | D:6      | Reached skill level 3 in Conjurations
  7014 | D:6      | Reached skill level 3 in Hexes
  7014 | D:6      | Reached skill level 3 in Summonings
  7014 | D:6      | Reached skill level 3 in Necromancy
  7014 | D:6      | Reached skill level 3 in Translocations
  7014 | D:6      | Reached skill level 3 in Transmutations
  7014 | D:6      | Reached skill level 3 in Ice Magic
  7014 | D:6      | Reached skill level 3 in Air Magic
  7014 | D:6      | Reached skill level 3 in Earth Magic
  7014 | D:6      | Reached skill level 3 in Poison Magic
  7014 | D:6      | Reached skill level 4 in Invocations
  7476 | D:6      | Reached XP level 9. HP: 61/73 MP: 2/16
  7590 | D:7      | Found a staircase to the Ecumenical Temple.
  7594 | D:7      | Reached skill level 4 in Short Blades
  7594 | D:7      | Reached skill level 4 in Long Blades
  7594 | D:7      | Reached skill level 4 in Axes
  7594 | D:7      | Reached skill level 4 in Maces & Flails
  7594 | D:7      | Reached skill level 4 in Polearms
  7594 | D:7      | Reached skill level 4 in Staves
  7594 | D:7      | Reached skill level 4 in Ranged Weapons
  7594 | D:7      | Reached skill level 4 in Throwing
  7594 | D:7      | Reached skill level 4 in Armour
  7594 | D:7      | Reached skill level 4 in Dodging
  7594 | D:7      | Reached skill level 4 in Stealth
  7594 | D:7      | Reached skill level 4 in Shields
  7594 | D:7      | Reached skill level 4 in Evocations
  7686 | D:6      | Reached skill level 5 in Spellcasting
  8193 | D:7      | Found a glowing golden altar of the Shining One.
  8955 | D:8      | Noticed a +0 short sword
  8955 | D:8      | Noticed a +0 dagger
  8956 | D:8      | Noticed a +0 spear
  8957 | D:8      | Noticed a +0 short sword
  8963 | D:8      | Reached skill level 8 in Fighting
  8963 | D:8      | Reached skill level 8 in Unarmed Combat
  9048 | D:8      | Noticed a +0 falchion
  9048 | D:8      | Noticed a +0 spear
  9427 | D:8      | Noticed a +0 dagger
  9431 | D:8      | Noticed a +0 falchion
  9464 | D:8      | Reached skill level 5 in Invocations
  9708 | D:8      | Noticed Grum
  9722 | D:8      | Killed Grum
  9732 | D:8      | Reached skill level 4 in Conjurations
  9732 | D:8      | Reached skill level 4 in Hexes
  9732 | D:8      | Reached skill level 4 in Summonings
  9732 | D:8      | Reached skill level 4 in Necromancy
  9732 | D:8      | Reached skill level 4 in Translocations
  9732 | D:8      | Reached skill level 4 in Transmutations
  9732 | D:8      | Reached skill level 4 in Ice Magic
  9732 | D:8      | Reached skill level 4 in Air Magic
  9732 | D:8      | Reached skill level 4 in Earth Magic
  9732 | D:8      | Reached skill level 4 in Poison Magic
 10053 | D:8      | Found a sparkling altar of Nemelex Xobeh.
 10079 | D:8      | Reached skill level 5 in Short Blades
 10079 | D:8      | Reached skill level 5 in Long Blades
 10079 | D:8      | Reached skill level 5 in Axes
 10079 | D:8      | Reached skill level 5 in Maces & Flails
 10079 | D:8      | Reached skill level 5 in Polearms
 10079 | D:8      | Reached skill level 5 in Staves
 10079 | D:8      | Reached skill level 5 in Ranged Weapons
 10079 | D:8      | Reached skill level 5 in Throwing
 10079 | D:8      | Reached skill level 5 in Armour
 10079 | D:8      | Reached skill level 5 in Dodging
 10079 | D:8      | Reached skill level 5 in Stealth
 10079 | D:8      | Reached skill level 5 in Shields
 10079 | D:8      | Reached skill level 5 in Evocations
 10079 | D:8      | Reached XP level 10. HP: 51/81 MP: 1/18
 10214 | D:8      | Reached skill level 7 in Fire Magic
 10796 | D:8      | Reached skill level 6 in Spellcasting
 11019 | D:8      | Found a hide-covered altar of Uskayaw.
 11607 | D:9      | Noticed a cyan ugly thing
 11891 | D:9      | Found a shadowy altar of Dithmenos.
 12022 | D:9      | Killed a cyan ugly thing
 12023 | D:9      | Reached skill level 6 in Invocations
 12387 | D:9      | Noticed a two-headed ogre
 12693 | D:9      | Killed a two-headed ogre
 12850 | D:9      | Found a staircase to the Lair.
 12856 | D:9      | Noticed a two-headed ogre
 12872 | D:9      | Killed a two-headed ogre
 12873 | D:9      | Reached skill level 9 in Fighting
 12873 | D:9      | Reached skill level 9 in Unarmed Combat
 13175 | D:9      | Reached skill level 6 in Short Blades
 13175 | D:9      | Reached skill level 6 in Long Blades
 13175 | D:9      | Reached skill level 6 in Axes
 13175 | D:9      | Reached skill level 6 in Maces & Flails
 13175 | D:9      | Reached skill level 6 in Polearms
 13175 | D:9      | Reached skill level 6 in Staves
 13175 | D:9      | Reached skill level 6 in Ranged Weapons
 13175 | D:9      | Reached skill level 6 in Throwing
 13175 | D:9      | Reached skill level 6 in Armour
 13175 | D:9      | Reached skill level 6 in Dodging
 13175 | D:9      | Reached skill level 6 in Stealth
 13175 | D:9      | Reached skill level 6 in Shields
 13175 | D:9      | Reached skill level 6 in Evocations
 13330 | D:9      | Found a staircase to the Orcish Mines.
 13507 | D:9      | Noticed a two-headed ogre
 13521 | D:9      | Killed a two-headed ogre
 13522 | D:9      | Reached skill level 5 in Conjurations
 13522 | D:9      | Reached skill level 5 in Hexes
 13522 | D:9      | Reached skill level 5 in Summonings
 13522 | D:9      | Reached skill level 5 in Necromancy
 13522 | D:9      | Reached skill level 5 in Translocations
 13522 | D:9      | Reached skill level 5 in Transmutations
 13522 | D:9      | Reached skill level 5 in Ice Magic
 13522 | D:9      | Reached skill level 5 in Air Magic
 13522 | D:9      | Reached skill level 5 in Earth Magic
 13522 | D:9      | Reached skill level 5 in Poison Magic
 13522 | D:9      | Reached XP level 11. HP: 89/89 MP: 16/21
 13768 | D:10     | Entered Level 10 of the Dungeon
 14047 | D:10     | Found a basalt altar of Yredelemnul.
 14081 | D:10     | Identified +0 steam dragon scales
 14142 | D:10     | Learned a level 5 spell: Freezing Cloud
 14237 | D:10     | Noticed a two-headed ogre
 14240 | D:10     | Killed a two-headed ogre
 14241 | D:10     | Reached skill level 7 in Spellcasting
 14241 | D:10     | Reached skill level 7 in Invocations
 14305 | D:10     | Noticed a deep elf zephyrmancer
 14308 | D:10     | Killed a deep elf zephyrmancer
 14318 | D:10     | Noticed a deep elf zephyrmancer
 14322 | D:10     | Killed a deep elf zephyrmancer
 14340 | D:10     | Noticed a wizard
 14344 | D:10     | Killed a wizard
 14462 | D:10     | Got the Almanac of Combed Thunderclap
 14469 | D:10     | Got the Secrets of Axaxaxas mlö
 14483 | D:10     | Found a radiant altar of Vehumet.
 14588 | D:10     | Noticed a deep elf zephyrmancer
 14595 | D:10     | Killed a deep elf zephyrmancer
 14796 | D:10     | Found a faded altar of an unknown god.
 14796 | D:10     | Found a hazy altar of Hepliaklqana.
 14798 | D:10     | Found a faded altar of an unknown god.
 14798 | D:10     | Found a faded altar of an unknown god.
 14969 | D:10     | Got Roxanne's Compilation of Plaster Cramp
 15220 | D:10     | Noticed a two-headed ogre
 15801 | D:10     | Learned a level 3 spell: Swiftness
 15839 | D:11     | Noticed Urug
 15839 | D:11     | Found Quloilim's Antique Armour Shoppe.
 15951 | D:11     | Reached skill level 8 in Fire Magic
 16397 | D:11     | Noticed a cyclops
 16412 | D:11     | Killed a cyclops
 16413 | D:11     | Reached skill level 7 in Short Blades
 16413 | D:11     | Reached skill level 7 in Long Blades
 16413 | D:11     | Reached skill level 7 in Axes
 16413 | D:11     | Reached skill level 7 in Maces & Flails
 16413 | D:11     | Reached skill level 7 in Polearms
 16413 | D:11     | Reached skill level 7 in Staves
 16413 | D:11     | Reached skill level 7 in Ranged Weapons
 16413 | D:11     | Reached skill level 7 in Throwing
 16413 | D:11     | Reached skill level 7 in Armour
 16413 | D:11     | Reached skill level 7 in Dodging
 16413 | D:11     | Reached skill level 7 in Stealth
 16413 | D:11     | Reached skill level 7 in Shields
 16413 | D:11     | Reached skill level 7 in Evocations
 16449 | D:11     | Killed Urug
 16565 | D:11     | Reached XP level 12. HP: 88/97 MP: 12/23
 16567 | D:11     | Reached skill level 6 in Conjurations
 16567 | D:11     | Reached skill level 6 in Hexes
 16567 | D:11     | Reached skill level 6 in Summonings
 16567 | D:11     | Reached skill level 6 in Necromancy
 16567 | D:11     | Reached skill level 6 in Translocations
 16567 | D:11     | Reached skill level 6 in Transmutations
 16567 | D:11     | Reached skill level 6 in Ice Magic
 16567 | D:11     | Reached skill level 6 in Air Magic
 16567 | D:11     | Reached skill level 6 in Earth Magic
 16567 | D:11     | Reached skill level 6 in Poison Magic
 16569 | D:11     | Reached skill level 8 in Invocations
 16629 | D:11     | Noticed Nergalle
 16641 | D:11     | Killed Nergalle
 16642 | D:11     | Reached skill level 8 in Spellcasting
 16717 | D:11     | Noticed a two-headed ogre
 16726 | D:11     | Killed a two-headed ogre
 16727 | D:11     | Reached skill level 10 in Fighting
 16727 | D:11     | Reached skill level 10 in Unarmed Combat
 16978 | D:11     | Noticed an ogre mage
 16984 | D:11     | Killed an ogre mage
 17283 | D:11     | Found a shimmering blue altar of Sif Muna.
 17438 | D:11     | Paralysed by an orc sorcerer for 5 turns
 17439 | D:11     | Reached skill level 8 in Short Blades
 17439 | D:11     | Reached skill level 8 in Long Blades
 17439 | D:11     | Reached skill level 8 in Axes
 17439 | D:11     | Reached skill level 8 in Maces & Flails
 17439 | D:11     | Reached skill level 8 in Polearms
 17439 | D:11     | Reached skill level 8 in Staves
 17439 | D:11     | Reached skill level 8 in Ranged Weapons
 17439 | D:11     | Reached skill level 8 in Throwing
 17439 | D:11     | Reached skill level 8 in Armour
 17439 | D:11     | Reached skill level 8 in Dodging
 17439 | D:11     | Reached skill level 8 in Stealth
 17439 | D:11     | Reached skill level 8 in Shields
 17439 | D:11     | Reached skill level 8 in Evocations
 17445 | D:11     | HP: 9/94 [orc sorcerer/bolt of fire (15)]
 18030 | D:11     | Noticed a deep elf demonologist
 18031 | D:11     | Noticed a deep troll earth mage
 18034 | D:11     | Noticed a cacodemon
 18142 | D:11     | Reached XP level 13. HP: 98/104 MP: 19/25
 18294 | D:11     | Reached skill level 9 in Invocations
 18577 | D:11     | Killed a deep elf demonologist
 18688 | D:11     | Got the Disquisition on Called Attacks
 18690 | D:11     | Got the Vellum of the Traveller and Terrain
 18811 | Lair:1   | Entered Level 1 of the Lair of Beasts
 18858 | Lair:1   | Reached skill level 7 in Conjurations
 18858 | Lair:1   | Reached skill level 7 in Hexes
 18858 | Lair:1   | Reached skill level 7 in Summonings
 18858 | Lair:1   | Reached skill level 7 in Necromancy
 18858 | Lair:1   | Reached skill level 7 in Translocations
 18858 | Lair:1   | Reached skill level 7 in Transmutations
 18858 | Lair:1   | Reached skill level 9 in Fire Magic
 18858 | Lair:1   | Reached skill level 7 in Ice Magic
 18858 | Lair:1   | Reached skill level 7 in Air Magic
 18858 | Lair:1   | Reached skill level 7 in Earth Magic
 18858 | Lair:1   | Reached skill level 7 in Poison Magic
 18895 | Lair:1   | Found a gate leading to a gauntlet.
 18947 | Gauntlet | Entered a Gauntlet
 18947 | Gauntlet | Found a transporter.
 18947 | Gauntlet | Found a transporter.
 18947 | Gauntlet | Found a transporter.
 18948 | Gauntlet | Found a transporter.
 18951 | Gauntlet | Found a transporter.
 18951 | Gauntlet | Found a transporter.
 18963 | Gauntlet | Found a transporter.
 18965 | Gauntlet | Found a transporter.
 18971 | Gauntlet | Noticed a balrug
 18977 | Gauntlet | Found a transporter.
 19076 | Gauntlet | Found a transporter.
 19080 | Gauntlet | Found a transporter.
 19090 | Gauntlet | Found a transporter.
 19207 | Gauntlet | Reached skill level 9 in Spellcasting
 19213 | Gauntlet | HP: 8/104 [fire crab] (11)]
 19308 | Gauntlet | Identified the +0 pair of gloves of the Comet {Fly rElec
                  | Dex+3}
 19399 | Gauntlet | Killed a balrug
 19400 | Gauntlet | Reached skill level 9 in Shields
 19545 | Gauntlet | Identified the ring "Qiguarph" {Fire Str+2 Slay-6 Stlth+}
 19545 | Gauntlet | Noticed a minotaur
 19559 | Gauntlet | Killed a minotaur
 20063 | Lair:1   | Found a runed translucent door.
 20588 | Lair:1   | Found a runed translucent gate.
 20588 | Lair:1   | Found a runed translucent gate.
 20588 | Lair:1   | Found a runed translucent gate.
 20588 | Lair:1   | Found a runed translucent gate.
 20588 | Lair:1   | Found a runed translucent gate.
 20588 | Lair:1   | Found a runed translucent gate.
 20721 | Lair:1   | Reached skill level 11 in Fighting
 20721 | Lair:1   | Reached skill level 11 in Unarmed Combat
 20965 | Lair:1   | Identified the ring "Sedgh" {*Slow rPois Str-5 SInv Stlth+}
 21079 | Orc:1    | Entered Level 1 of the Orcish Mines
 21222 | Orc:2    | Entered Level 2 of the Orcish Mines
 21621 | Orc:2    | Reached skill level 9 in Short Blades
 21621 | Orc:2    | Reached skill level 9 in Long Blades
 21621 | Orc:2    | Reached skill level 9 in Axes
 21621 | Orc:2    | Reached skill level 9 in Maces & Flails
 21621 | Orc:2    | Reached skill level 9 in Polearms
 21621 | Orc:2    | Reached skill level 9 in Staves
 21621 | Orc:2    | Reached skill level 9 in Ranged Weapons
 21621 | Orc:2    | Reached skill level 9 in Throwing
 21621 | Orc:2    | Reached skill level 9 in Armour
 21621 | Orc:2    | Reached skill level 9 in Dodging
 21621 | Orc:2    | Reached skill level 9 in Stealth
 21621 | Orc:2    | Reached skill level 9 in Evocations
 21759 | Orc:2    | Found Wyguip's Jewellery Shop.
 21805 | Orc:1    | Found Vuxuat's Antique Weapon Shoppe.
 21823 | Orc:1    | Reached skill level 10 in Shields
 22064 | Orc:1    | Noticed an ettin
 22067 | Orc:1    | Reached XP level 14. HP: 113/113 MP: 27/27
 22075 | Orc:1    | HP: 7/113 [ettin/+0 dire flail (10)]
 22077 | Orc:1    | Reached skill level 10 in Invocations
 22081 | Orc:1    | HP: 8/113 [warg (5)]
 22924 | Orc:2    | Noticed Saint Roka
 22941 | Orc:2    | Found a staircase to the Elven Halls.
 22944 | Orc:2    | Killed Saint Roka
 23222 | Orc:2    | Noticed an orc warlord
 23229 | Orc:2    | Paralysed by an orc sorcerer for 5 turns
 23238 | Orc:2    | HP: 10/113 [orc warlord/+2 war axe of freezing (9)]
 23239 | Orc:2    | Found Zeizebb's Distillery.
 23243 | Orc:2    | HP: 10/169 [poisoned by an orc warrior]
 23672 | Orc:2    | Found Anka's Antique Weapon Shoppe.
 23678 | Orc:2    | Found Kaojim's Antique Armour Emporium.
 23883 | Orc:2    | Killed an orc warlord
 24022 | Orc:2    | Found a staircase to the Elven Halls.
 24122 | Orc:2    | Found Wyguip's Jewellery Shop.
 24419 | Orc:2    | Found Zeizebb's Distillery.
 24525 | Orc:2    | Found Anka's Antique Weapon Shoppe.
 24529 | Orc:2    | Found Kaojim's Antique Armour Emporium.
 24606 | Orc:2    | Bought a glimmering kite shield for 266 gold pieces
 24606 | Orc:2    | Identified the +3 kite shield of the Griffon {+Blink rN+
                  | Regen+ Slay+3} (You bought it in a shop on level 2 of the
                  | Orcish Mines)
 24729 | Lair:2   | Reached skill level 10 in Spellcasting
 24789 | Lair:2   | Reached skill level 8 in Conjurations
 24789 | Lair:2   | Reached skill level 8 in Hexes
 24789 | Lair:2   | Reached skill level 8 in Summonings
 24789 | Lair:2   | Reached skill level 8 in Necromancy
 24789 | Lair:2   | Reached skill level 8 in Translocations
 24789 | Lair:2   | Reached skill level 8 in Transmutations
 24789 | Lair:2   | Reached skill level 8 in Ice Magic
 24789 | Lair:2   | Reached skill level 8 in Air Magic
 24789 | Lair:2   | Reached skill level 8 in Earth Magic
 24789 | Lair:2   | Reached skill level 8 in Poison Magic
 24843 | Lair:2   | Noticed a dire elephant
 24865 | Lair:2   | Killed a dire elephant
 24929 | Lair:2   | Reached skill level 11 in Shields
 25190 | Lair:2   | Found a blossoming altar of Fedhas.
 25265 | Lair:2   | Reached skill level 10 in Fire Magic
 25762 | Lair:3   | Found a staircase to the Snake Pit.
 25861 | Lair:3   | Reached skill level 10 in Short Blades
 25861 | Lair:3   | Reached skill level 10 in Long Blades
 25861 | Lair:3   | Reached skill level 10 in Axes
 25861 | Lair:3   | Reached skill level 10 in Maces & Flails
 25861 | Lair:3   | Reached skill level 10 in Polearms
 25861 | Lair:3   | Reached skill level 10 in Staves
 25861 | Lair:3   | Reached skill level 10 in Ranged Weapons
 25861 | Lair:3   | Reached skill level 10 in Throwing
 25861 | Lair:3   | Reached skill level 10 in Armour
 25861 | Lair:3   | Reached skill level 10 in Dodging
 25861 | Lair:3   | Reached skill level 10 in Stealth
 25861 | Lair:3   | Reached skill level 10 in Evocations
 26011 | Lair:3   | Reached XP level 15. HP: 120/120 MP: 29/29
 26056 | Lair:3   | Reached skill level 11 in Invocations
 26137 | Lair:3   | Reached skill level 12 in Fighting
 26137 | Lair:3   | Reached skill level 12 in Unarmed Combat
 26188 | Lair:3   | Found a staircase to the Shoals.
 26882 | Lair:4   | Noticed Muleplesh's ghost (journeyman FeTm)
 26928 | Lair:4   | Reached skill level 12 in Shields
 27246 | Lair:4   | Found a runed translucent door.
 27455 | Lair:5   | Entered Level 5 of the Lair of Beasts
 27561 | Lair:5   | Found a viscous altar of Jiyva.
 27563 | Lair:5   | Found a staircase to the Slime Pits.
 27633 | Lair:5   | Reached skill level 11 in Spellcasting
 27895 | Lair:5   | Reached skill level 9 in Conjurations
 27895 | Lair:5   | Reached skill level 9 in Hexes
 27895 | Lair:5   | Reached skill level 9 in Summonings
 27895 | Lair:5   | Reached skill level 9 in Necromancy
 27895 | Lair:5   | Reached skill level 9 in Translocations
 27895 | Lair:5   | Reached skill level 9 in Transmutations
 27895 | Lair:5   | Reached skill level 9 in Ice Magic
 27895 | Lair:5   | Reached skill level 9 in Air Magic
 27895 | Lair:5   | Reached skill level 9 in Earth Magic
 27895 | Lair:5   | Reached skill level 9 in Poison Magic
 27952 | Lair:5   | Found a large runed translucent door.
 27952 | Lair:5   | Found a large runed translucent door.
 28400 | Lair:5   | Noticed Snorg
 28410 | Lair:5   | Killed Snorg
 28843 | Lair:5   | Reached skill level 13 in Shields
 28852 | Lair:5   | Got the Reference Book on Lethal Ignition
 29022 | D:11     | Bought runed gold dragon scales for 1660 gold pieces
 29022 | D:11     | Identified +1 gold dragon scales (You bought it in a shop
                  | on level 11 of the Dungeon)
 29093 | D:12     | Found Zujuruwn's General Store.
 29124 | D:12     | Reached XP level 16. HP: 129/129 MP: 31/31
 29130 | D:12     | Upgraded the game from 0.30-a0-168-g0b976cbdc4 to
                  | 0.30-a0-170-g85af917532
 29428 | D:4      | Fell from the grace of Ignis
 29428 | D:4      | Became a worshipper of Ashenzari the Shackled
 29577 | D:12     | Got Wateps's Incunable of the Assistive Snake
 29691 | D:12     | Reached skill level 11 in Short Blades
 29691 | D:12     | Reached skill level 11 in Long Blades
 29691 | D:12     | Reached skill level 11 in Axes
 29691 | D:12     | Reached skill level 11 in Maces & Flails
 29691 | D:12     | Reached skill level 11 in Polearms
 29691 | D:12     | Reached skill level 11 in Staves
 29691 | D:12     | Reached skill level 11 in Ranged Weapons
 29691 | D:12     | Reached skill level 11 in Throwing
 29691 | D:12     | Reached skill level 11 in Armour
 29691 | D:12     | Reached skill level 11 in Dodging
 29691 | D:12     | Reached skill level 11 in Stealth
 29691 | D:12     | Reached skill level 11 in Evocations
 29902 | D:12     | Reached skill level 12 in Invocations
 30142 | D:12     | Found a portal to a secret trove of treasure.
 30514 | D:13     | Found Emulownink's Weapon Boutique.
 30756 | D:13     | Found a gate to the Vaults.
 30935 | D:13     | You are sucked into a shaft and drop 2 floors!
 30935 | D:15     | Entered Level 15 of the Dungeon
 31238 | D:14     | Found a frozen archway.
 31246 | D:14     | Reached skill level 11 in Fire Magic
 31266 | IceCv    | Entered an ice cave
 31673 | IceCv    | Reached skill level 13 in Fighting
 31673 | IceCv    | Reached skill level 13 in Unarmed Combat
 32064 | IceCv    | HP: 10/130 [caustic shrike simulacrum[an orange crystal
                  | statue] (21)]
 32064 | IceCv    | HP: 2/130 [harpy simulacrum[an orange crystal statue] (8)]
 32064 | IceCv    | Mangled by a harpy simulacrum

Vanquished Creatures
  Saint Roka (Orc:2)
  A balrug (Gauntlet)
  An orc warlord (Orc:2)
  A very ugly thing (IceCv)
  A dire elephant (Lair:2)
  A deep elf demonologist (D:11)
  A minotaur (Gauntlet)
  An ettin (Orc:1)
  Snorg (Lair:5)
  A fire dragon (Lair:5)
  8 vault guards (D:13)
  7 hydras
  An ogre mage (D:11)
  A caustic shrike simulacrum (IceCv)
  A centaur warrior (D:15)
  7 two-headed ogres
  3 boulder beetles
  A catoblepas (Lair:2)
  6 death yaks (Lair:5)
  A deep troll earth mage (D:11)
  Urug (D:11)
  Nergalle (D:11)
  An orc high priest (Orc:2)
  2 fire crabs
  An orange crystal statue (IceCv)
  2 lindwurms (Lair:1)
  2 wizards
  3 deep elf zephyrmancers (D:10)
  An orc knight (Orc:2)
  5 orc sorcerers
  4 deep elf pyromancers (D:11)
  2 manticores
  4 ugly things
  4 cyclopes
  6 black mambas
  20 elephants (Lair:2)
  3 gargoyles
  2 torpor snails
  3 molten gargoyles (Lair:5)
  A smoke demon (Gauntlet)
  An ice statue (Lair:5)
  A cane toad (shapeshifter) (D:13)
  4 rime drakes
  14 cane toads
  9 komodo dragons
  A hellion (Gauntlet)
  An unseen horror (D:13)
  4 kobold demonologists (D:11)
  3 anaconda simulacra (IceCv)
  A queen bee (D:12)
  6 tengu conjurers (D:11)
  3 freezing wraiths
  An ice devil (Lair:5)
  5 polar bears
  2 golden dragon simulacra (IceCv)
  7 trolls
  3 meliai
  14 blink frogs
  A dream sheep (Lair:3)
  A snapping turtle (Lair:3)
  2 jumping spiders (Lair:1)
  A shadow (D:12)
  A vampire (D:12)
  A wraith (D:12)
  96 yaks
  A spriggan (Lair:2)
  7 wyverns
  4 basilisks
  A human (shapeshifter) (D:13)
  4 fire bats (Gauntlet)
  11 fire elementals
  2 steam dragons
  Grum (D:8)
  A redback (Lair:1)
  10 vampire mosquitoes
  Menkaure (D:6)
  15 water moccasins
  4 wargs
  2 harpy simulacra (IceCv)
  2 nagas (Lair:3)
  An acid dragon (D:10)
  4 hydra simulacra (IceCv)
  7 ice beasts
  4 hell hounds (Lair:5)
  29 orc warriors
  2 black bears
  An alligator simulacrum (IceCv)
  16 wolves
  2 sky beasts
  5 ogres
  14 centaurs
  A phantom (D:5)
  4 kobold brigands (D:6)
  9 bullfrogs
  Blork the orc (D:6)
  2 gnoll sergeants
  A necrophage (D:7)
  2 scorpions (D:5)
  8 wights (D:8)
  34 killer bees
  2 lindwurm simulacra (IceCv)
  4 electric eels
  9 howler monkeys
  6 lava snakes
  3 jellies
  30 orc priests
  3 gnoll boudas
  4 hounds
  An iguana (D:6)
  31 orc wizards
  7 adders
  22 gnolls
  A white imp (Lair:5)
  An ufetubus (D:6)
  2 worms
  4 dart slugs
  92 orcs
  4 endoplasms
  5 giant cockroaches
  7 goblins
  6 hobgoblins
  26 kobolds
  8 quokkas
  10 ball pythons
  6 bats
  8 frilled lizards
  2 rats
814 creatures vanquished.

Vanquished Creatures (others)
  A lava snake (Lair:5)
  A bat (D:2)
  21 demonic plants (Gauntlet)
  76 fungi
  82 plants
181 creatures vanquished.

Grand Total: 995 creatures vanquished
